 Dungeon Crawl Stone Soup version bcrawl-1.27.3 (webtiles) character file.

Game seed: 305785665841936303

462052 esc the Commander (level 12, -5/165 HPs)
             Began as a Hill Orc Archaeologist on Oct 15, 2020.
             Was a High Priest of Okawaru.
             Slain by an ice beast (7 damage)
             ... summoned by an ice statue
             ... in an ice cave.
             The game lasted 00:23:16 (11281 turns).

esc the Commander (Hill Orc Archaeologist)         Turns: 11281, Time: 00:23:17

Health: -5/165     AC: 26    Str: 19    XL:     12   Next: 75%
Magic:  21/21      EV:  1    Int: 14    God:    Okawaru [*****.]
Gold:   696        SH:  0    Dex:  9    Spells: 11/11 levels left

rFire    . . .     SeeInvis .   v - +4 whip (elec)
rCold    . . .     Gourm    .   (no shield)
rNeg     + + +     Faith    .   (armour currently unavailable)
rPois    +         Spirit   .   (helmet currently unavailable)
rElec    .         Reflect  .   (cloak currently unavailable)
rCorr    .         Harm     .   (gloves currently unavailable)
MR       .....     NoTele   +   (boots currently unavailable)
Stlth    ++........             (no amulet)
HPRegen  0.37/turn              G - +3 ring of evasion
MPRegen  0.17/turn              (no ring)

@: tree-form
A: giant
a: Heroism, Finesse, Renounce Religion


You were in an ice cave.
You worshipped Okawaru.
Okawaru was extremely pleased with you.
You were not hungry.
You were a tree.
You visited 3 branches of the dungeon, and saw 13 of its levels.
You also visited: Ice Cave.

You collected 2354 gold pieces.
You spent 1658 gold pieces at shops.

Inventory:

Hand Weapons
 v - a +4 whip of electrocution (weapon)
 E - a +4 scimitar of flaming
Armour
 d - a +1 pair of boots (melded)
 j - the +1 cloak of Starlight (melded) {rElec rC+ EV+4 Stlth--}
   (You bought it in a shop on level 6 of the Dungeon)

   It affects your evasion (+4).
   It protects you from cold.
   It insulates you from electricity.
   It makes you much less stealthy.
 k - a +0 pair of gloves (melded)
 w - the +2 ring mail of Baldness (melded) {Str+4 Dex+2 SInv}
   (You bought it in a shop on level 6 of the Dungeon)

   It affects your strength (+4).
   It affects your dexterity (+2).
   It lets you see invisible.
 y - the +4 scale mail of Henotheism {rF+ rN+ Str+2}
   (You found it on level 8 of the Dungeon)

   It affects your strength (+2).
   It protects you from fire.
   It protects you from negative energy.
 F - a +1 hat of magic resistance (melded)
Jewellery
 G - a +3 ring of evasion (left branch)
Wands
 b - a wand of polymorph (2)
 c - a wand of paralysis (9)
 u - a wand of flame (23)
 B - a wand of digging (8)
 D - a wand of clouds (4)
 I - a wand of random effects (8)
Scrolls
 a - 4 scrolls of enchant armour
 f - 2 scrolls of amnesia
 g - 5 scrolls of magic mapping
 h - 2 scrolls of immolation
 i - 2 scrolls of enchant weapon
 m - 2 scrolls of blinking
 n - 5 scrolls of remove curse
 o - 3 scrolls of teleportation
 C - a scroll of fog
Potions
 l - 3 potions of brilliance
 p - 2 potions of curing
 r - a potion of resistance {unknown}
 s - 2 potions of haste
 t - 2 potions of flight
 x - 2 potions of mutation
 z - 3 potions of agility
 A - a potion of invisibility
Comestibles
 e - 16 rations {!d}


   Skills:
 + Level 11.4 Fighting
   Level 11.4 Short Blades
   Level 11.4 Long Blades
   Level 11.4 Axes
   Level 11.4 Maces & Flails
   Level 11.4 Polearms
   Level 11.4 Staves
 + Level 11.4 Armour
 - Level 5.0 Dodging
 - Level 2.6 Stealth
   Level 11.4 Unarmed Combat
 - Level 12.0 Invocations
 - Level 5.0 Evocations


You had 11 spell levels left.
You didn't know any spells.
Your spell library contained the following spells:

 Spells                   Type           Power        Failure   Level  Hunger
 Corona                   Hex            #......      28%         1    None
 Magic Dart               Conj           #...         28%         1    None
 Summon Small Mammal      Summ           #...         28%         1    None
 Blink                    Tloc           N/A          41%         2    ####...
 Call Imp                 Summ           #.....       41%         2    ####...
 Ensorcelled Hibernation  Hex/Ice        #.....       41%         2    ####...
 Call Canine Familiar     Summ           #.......     65%         3    #####..
 Confuse                  Hex            #.......     65%         3    #####..
 Conjure Flame            Conj/Fire      #.......     65%         3    #####..
 Dazzling Orbs            Conj/Hex       #......      65%         3    #####..
 Mephitic Cloud           Conj/Pois/Air  #.......     65%         3    #####..
 Spider Form              Tmut/Pois      #..          65%         3    #####..
 Tukima's Dance           Hex            #.......     65%         3    #####..
 Petrify                  Tmut/Erth      #.........   96%         4    ######.
 Summon Ice Beast         Ice/Summ       #.......     96%         4    ######.
 Yara's Violent Unravell  Hex/Tmut       #.........   96%         4    ######.
 Metabolic Englaciation   Hex/Ice        #.........   100%        5    #######
 Summon Lightning Spire   Summ/Air       #.......     100%        5    #######
 Mana Rupture             Conj/Hex       #.........   100%        7    #######


Dungeon Overview and Level Annotations

Branches:
Dungeon (9/12)             Temple (1/1) D:4            Lair (3/6) D:9
  Snake (0/3) Lair:2
  Swamp: Lair:2-4    Shoals: Lair:2-4       Orc: D:8-11

Altars:
Ashenzari
Cheibriados
Dithmenos
Elyvilon
Fedhas
Gozag
Hepliaklqana
Kikubaaqudgha
Lugonu
Makhleb
Nemelex Xobeh
Okawaru
Qazlal
Ru
Sif Muna
Trog
Uskayaw
Vehumet
Wu Jian
Xom
Yredelemnul
Zin
The Shining One

Shops:
D:4 %   D:6 [

Annotations:
Lair:1 3 runed translucent doors, dscm's ghost, novice OpAc; pasperui's ghost, journeyman GnRe IceCv 1 transporter, exclusion: ice statue


Message History

The ice beast hits you but does no damage. x2
You hit the ice statue.
The ice statue is heavily damaged.
You are engulfed in freezing vapours.
* * * LOW HITPOINT WARNING * * *
The ice beast hits you but does no damage.
You hit the ice statue but do no damage.
The ice statue is heavily damaged.
You are engulfed in freezing vapours.
* * * LOW HITPOINT WARNING * * *
The ice beast hits you but does no damage.
You hit the ice statue.
You punch the ice statue, but do no damage.
The ice statue is heavily damaged.
You are engulfed in freezing vapours.
* * * LOW HITPOINT WARNING * * *
The ice beast hits you.
* * * LOW HITPOINT WARNING * * *
The ice beast freezes you!
You die...

##........##
##..........#
##...........#
#..........8.#
#.........$.?#
#.∩.©....?.:©#
#.........?.(#
#.....§Y8Y.8.#
##....○○♣°...#
##...○○.....#
##..☼☼☼...##
####..°###
#####


You could see an ice statue and 2 ice beasts.

Vanquished Creatures
  3 hydras (Lair:2)
  Erica (D:9)
  A centaur warrior (D:9)
  A two-headed ogre (D:6)
  A cyclops (D:9)
  4 ugly things
  An ice statue (IceCv)
  A komodo dragon (Lair:2)
  5 cane toads (Lair:1)
  A kobold demonologist (D:9)
  A troll (D:9)
  4 blink frogs (Lair:2)
  3 hippogriffs
  26 yaks
  A basilisk (Lair:1)
  5 nagas (Lair:2)
  An acid dragon (D:6)
  5 water moccasins
  5 crocodiles
  6 porcupines
  A sky beast (D:9)
  15 ice beasts
  A phantom (D:6)
  An ogre (D:7)
  A centaur (D:7)
  2 big kobolds (D:7)
  7 bullfrogs
  8 killer bees (D:8)
  A howler monkey (D:9)
  A wight (D:9)
  2 electric eels (Lair:1)
  4 crimson imps
  6 hounds
  An orc priest (D:5)
  2 jellies
  A bullfrog skeleton (D:4)
  Ijyb (D:4)
  Jessica (D:2)
  5 iguanas
  6 orc wizards
  4 worker ants
  A killer bee zombie (D:6)
  6 gnolls
  10 adders
  2 shadow imps
  2 adder skeletons (D:7)
  2 adder zombies (D:5)
  6 worms
  4 dart slugs
  5 leopard geckos
  33 orcs
  4 giant cockroaches
  9 hobgoblins
  2 jackals (D:7)
  4 quokkas
  A ball python (D:3)
  6 bats
  A frilled lizard (D:1)
  5 goblins (D:2)
  13 kobolds
  3 rats (D:1)
266 creatures vanquished.

Vanquished Creatures (collateral kills)
  A blink frog (Lair:2)
1 creature vanquished.

Vanquished Creatures (others)
  A cane toad (Lair:2)
  A plant (Lair:1)
  3 withered plants (Lair:1)
5 creatures vanquished.

Grand Total: 272 creatures vanquished

Notes
Turn   | Place    | Note
-------+----------+-------------------------------------------
     0 | D:1      | esc the Hill Orc Archaeologist began the quest for the Orb.
     0 | D:1      | Reached XP level 1. HP: 16/16 MP: 1/1
   284 | D:1      | Reached XP level 2. HP: 24/24 MP: 2/2
   738 | D:1      | Reached XP level 3. HP: 15/30 MP: 3/3
  1286 | D:2      | Reached XP level 4. HP: 31/38 MP: 4/4
  1713 | D:2      | Noticed Jessica
  1725 | D:2      | Killed Jessica
  2047 | D:2      | Reached XP level 5. HP: 42/46 MP: 5/5
  2047 | D:2      | Identified a scroll of acquirement
  2048 | D:2      | Identified the ring of Orritolu {rElec rN+ MR+ Int+4 Dex-2}
                  | (You acquired it on level 2 of the Dungeon)
  2283 | D:3      | Found a shimmering altar of Xom.
  2789 | D:3      | Reached skill level 5 in Fighting
  2950 | D:3      | Reached XP level 6. HP: 56/56 MP: 6/6
  2989 | D:4      | Noticed Ijyb
  3014 | D:4      | Killed Ijyb
  3128 | D:4      | Found a sacrificial altar of Ru.
  3265 | D:4      | Found a staircase to the Ecumenical Temple.
  3283 | Temple   | Entered the Ecumenical Temple
  3532 | Temple   | Became a worshipper of Warmaster Okawaru
  3669 | D:4      | Noticed a hippogriff
  3673 | D:4      | Killed a hippogriff
  3673 | D:4      | Reached skill level 2 in Invocations
  3673 | D:4      | Reached XP level 7. HP: 63/63 MP: 6/9
  3678 | D:4      | Reached skill level 3 in Invocations
  3703 | D:4      | Found Zeuromat's Food Emporium.
  3928 | D:5      | Entered Level 5 of the Dungeon
  3970 | D:5      | Reached skill level 4 in Invocations
  4338 | D:5      | Reached * piety under Okawaru
  4338 | D:5      | Reached skill level 5 in Invocations
  4338 | D:5      | Reached XP level 8. HP: 62/71 MP: 11/11
  4649 | D:5      | Found a bloodstained altar of Trog.
  4651 | D:5      | Found a corrupted altar of Lugonu.
  4851 | D:6      | Reached skill level 6 in Invocations
  4894 | D:6      | Noticed a green ugly thing
  4896 | D:6      | Noticed a two-headed ogre
  5179 | D:6      | Found Bupeizi's Antique Armour Shoppe.
  5185 | D:6      | Bought the +1 cloak of Starlight {rElec rC+ EV+4 Stlth--}
                  | for 1379 gold pieces
  5185 | D:6      | Found the +1 cloak of Starlight {rElec rC+ EV+4 Stlth--}
  5185 | D:6      | Bought a pitted ring mail for 279 gold pieces
  5200 | D:6      | Identified the +2 ring mail of Baldness {Str+4 Dex+2 SInv}
                  | (You bought it in a shop on level 6 of the Dungeon)
  5224 | D:6      | Reached skill level 1 in Armour
  5319 | D:6      | Killed a green ugly thing
  5319 | D:6      | Reached ** piety under Okawaru
  5319 | D:6      | Reached skill level 7 in Invocations
  5319 | D:6      | Reached XP level 9. HP: 80/80 MP: 11/14
  5719 | D:6      | Killed a two-headed ogre
  5719 | D:6      | Reached skill level 8 in Invocations
  6069 | D:7      | Reached skill level 5 in Armour
  6122 | D:7      | Reached skill level 9 in Invocations
  6385 | D:7      | Reached *** piety under Okawaru
  6677 | D:8      | Noticed a cyan ugly thing
  6696 | D:8      | Killed a cyan ugly thing
  6696 | D:8      | Reached XP level 10. HP: 90/90 MP: 15/17
  6793 | D:8      | Reached skill level 10 in Invocations
  6907 | D:8      | Reached **** piety under Okawaru
  7023 | D:8      | Got an ancient scale mail
  7086 | D:8      | Identified the +4 scale mail of Henotheism {rF+ rN+ Str+2}
                  | (You found it on level 8 of the Dungeon)
  7820 | D:9      | Noticed Erica
  7847 | D:9      | Killed Erica
  7847 | D:9      | Reached skill level 1 in Evocations
  8009 | D:9      | Reached ***** piety under Okawaru
  8069 | D:9      | Reached skill level 11 in Invocations
  8076 | D:9      | Noticed a cyclops
  8080 | D:9      | Noticed a centaur warrior
  8082 | D:9      | Noticed a kobold demonologist
  8090 | D:9      | Killed a cyclops
  8090 | D:9      | Reached XP level 11. HP: 61/97 MP: 13/19
  8097 | D:9      | Killed a centaur warrior
  8097 | D:9      | Received a gift from Okawaru
  8258 | D:9      | Found a staircase to the Lair.
  8293 | Lair:1   | Entered Level 1 of the Lair of Beasts
  9006 | Lair:1   | Found a runed translucent gate.
  9006 | Lair:1   | Found a runed translucent gate.
  9006 | Lair:1   | Found a runed translucent gate.
  9085 | Lair:1   | Noticed pasperui's ghost (journeyman GnRe)
  9085 | Lair:1   | Noticed dscm's ghost (novice OpAc)
  9538 | Lair:1   | Reached skill level 12 in Invocations
  9580 | Lair:2   | Reached skill level 10 in Fighting
  9652 | Lair:2   | Reached skill level 5 in Dodging
  9652 | Lair:2   | Reached skill level 5 in Evocations
  9677 | Lair:2   | Reached XP level 12. HP: 28/106 MP: 15/21
  9929 | Lair:2   | Got a transparent long sword
  9930 | Lair:2   | Identified the cursed +1 long sword "Tuic" {elec, rC+ Str-5
                  | Dex+5} (You found it on level 2 of the Lair of Beasts)
  9952 | Lair:2   | Noticed an eight-headed hydra
  9963 | Lair:2   | Killed a three-headed hydra
 10028 | Lair:2   | Noticed an eight-headed hydra
 10168 | Lair:2   | Killed a two-headed hydra
 10168 | Lair:2   | Reached skill level 10 in Armour
 10662 | Lair:2   | Received a gift from Okawaru
 10725 | Lair:2   | Found a staircase to the Snake Pit.
 10725 | Lair:2   | Noticed an eight-headed hydra
 10832 | Lair:2   | Killed a three-headed hydra
 11001 | Lair:3   | Found a frozen archway.
 11015 | Lair:3   | Reached ****** piety under Okawaru
 11063 | IceCv    | Entered an ice cave
 11201 | IceCv    | Found a transporter.
 11234 | IceCv    | Found a transporter.
 11281 | IceCv    | HP: 4/165 [ice statue] (6)]
 11281 | IceCv    | Slain by an ice beast

Skill      XL: |  1  2  3  4  5  6  7  8  9 10 11 12 |
---------------+-------------------------------------+-----
Fighting       | 2 3 4 5 6 7 8 9 10 11 | 11.4
Invocations    | 2 5 7 9 11 12 | 12.0
Armour         | 3 6 7 9 11 | 11.4
Dodging        | 3 5 |  5.0
Evocations     | 2 5 |  5.0
Short Blades   | | 11.4
Long Blades    | | 11.4
Axes           | | 11.4
Maces & Flails | | 11.4
Polearms       | | 11.4
Staves         | | 11.4
Stealth        | |  2.6
Unarmed Combat | | 11.4

Action                   |  1- 3 |  4- 6 |  7- 9 | 10-12 || total
-------------------------+-------+-------+-------+-------++-------
Melee: Mace              |    62 |       |       |       ||    62
       Whip              |    16 |       |   223 |   600 ||   839
       Long sword        |    24 |    30 |       |       ||    54
       Punch             |     1 |     7 |    13 |    38 ||    59
       Dagger            |       |   183 |    55 |       ||   238
       Unarmed           |       |     8 |       |       ||     8
       Scimitar          |       |       |       |    20 ||    20
Invok: Heroism           |       |       |     4 |     5 ||     9
       Finesse           |       |       |       |     2 ||     2
Evoke: Wand              |       |       |     4 |     9 ||    13
  Use: Scroll            |     2 |     3 |     6 |     8 ||    19
       Potion            |     3 |       |       |     4 ||     7
 Stab: Sleeping          |     4 |     7 |     6 |       ||    17
       Confused          |       |     1 |       |       ||     1
       Distracted        |       |       |     1 |       ||     1
  Eat: Chunk             |     4 |    11 |    10 |    17 ||    42
       Ration            |       |       |     1 |     2 ||     3
Armor: Robe              |    24 |    48 |    17 |       ||    89
       Skin              |       |     7 |       |     4 ||    11
       Ring mail         |       |       |    38 |   141 ||   179
Dodge: Dodged            |    69 |    83 |   131 |   462 ||   745
Block: Other             |       |       |       |     4 ||     4
